Map: Ulrena

Players

LilDicky - Winner!

  • Race: Terran Terran
  • League: Diamond

TBagBob

  • Race: Protoss Protoss
  • League: Platinum

VOD

http://www.twitch.tv/tumescentpie

Description

Time

  • Played on: Nov. 22, 2015, 11:38 p.m.
  • Length: 5:25
Show
View Real Time Build Order
Export as new Build Order

LilDicky Terran - Winner!

Build Orders:  

Get SALT Encoding   

  12  0:01  SCV  
  13  0:13  SCV  
  14  0:18  Supply Depot  
  14  0:28  SCV  
  15  0:35  Refinery  
  15  0:40  SCV  
  16  0:50  Barracks  
  16  0:52  SCV  
  17  1:04  SCV  
  18  1:16  SCV  
  19  1:28  SCV  
  20  1:38  Supply Depot  
  20  1:43  Marine  
  20  1:46  Factory, Orbital Command  
  21  2:01  Marine  
  22  2:12  SCV  
  23  2:20  Barracks  
  23  2:21  Barracks  
  23  2:29  Supply Depot, Refinery  
  23  2:31  Barracks Reactor  
  23  2:37  SCV  
  24  2:49  SCV  
  24  3:07  Barracks Tech Lab  
  24  3:08  Barracks Tech Lab  
  24  3:10  Marine  
  24  3:11  Marine  
  26  3:14  SCV  
  26  3:16  Supply Depot, Widow Mine  
  29  3:26  SCV  
  29  3:27  Supply Depot, Combat Shields  
  30  3:28  Marine  
  30  3:31  Marine  
  30  3:32  Marine x2  
  34  3:38  SCV  
  35  3:45  Widow Mine  
  37  3:50  SCV  
  38  3:55  Marine  
  38  3:56  Marauder x2  
  38  4:02  SCV  
  44  4:03  Marine  
  44  4:09  Supply Depot  
  45  4:17  Marauder  
  45  4:20  Widow Mine  
  47  4:46  SCV  
  47  4:47  Marauder x2, Marine x2  
  54  4:56  Starport  
  54  4:58  SCV  
  55  5:05  Marine x2  
  57  5:10  SCV  
Show
View Real Time Build Order
Export as new Build Order

TBagBob Protoss 

Build Orders:  

Get SALT Encoding   

  12  0:01  Probe (Chrono Boost)  
  13  0:15  Pylon  
  13  0:20  Probe (Chrono Boost)  
  14  0:30  Probe (Chrono Boost)  
  15  0:36  Gateway  
  15  0:41  Probe (Chrono Boost)  
  16  0:51  Probe (Chrono Boost)  
  17  1:03  Probe (Chrono Boost), Assimilator  
  18  1:07  Assimilator  
  18  1:13  Probe (Chrono Boost)  
  19  1:22  Pylon  
  19  1:24  Probe (Chrono Boost)  
  20  1:26  Cybernetics Core  
  20  1:38  Probe (Chrono Boost)  
  21  1:48  Probe (Chrono Boost)  
  22  1:59  Probe (Chrono Boost)  
  23  2:10  Mothership Core (Chrono Boost)  
  23  2:15  Nexus  
  25  2:29  Probe (Chrono Boost), Pylon  
  26  3:03  Pylon  
  26  3:06  Pylon  
  26  3:08  Probe (Chrono Boost)  
  26  3:12  Forge  
  27  3:19  Probe (Chrono Boost), Assimilator  
  28  3:22  Assimilator  
  28  3:27  Probe (Chrono Boost)  
  28  3:30  Probe (Chrono Boost)  
  30  3:38  Probe (Chrono Boost)  
  30  3:40  Probe (Chrono Boost)  
  33  3:48  Probe (Chrono Boost)  
  33  3:51  Probe (Chrono Boost)  
  29  3:58  Photon Cannon  
  29  3:59  Probe (Chrono Boost)  
  29  4:01  Probe (Chrono Boost)  
  31  4:09  Probe (Chrono Boost)  
  32  4:20  Probe (Chrono Boost)  
  33  4:30  Probe (Chrono Boost)  
  34  4:37  Photon Cannon  
  34  4:41  Probe (Chrono Boost)  
  34  5:04  Probe (Chrono Boost)  
  35  5:14  Probe (Chrono Boost)  
  35  5:16  Photon Cannon  
Tags
 
Add a new tag
Caveats
  • Supply blocks, unpowered buildings, or Contaminate may cause inaccurate times.
  • Supply counts are checked every 10 seconds.